 Dungeon Crawl Stone Soup version 0.31-a0-986-g5e6e4ef867 (webtiles) character file.

Game seed: 12692395427207495842

103 monsoonserge the Slasher (level 4, -1/37 HPs)
             Began as a Merfolk Monk on Nov 23, 2023.
             Slain by Terence
             ... wielding a +2 heavy flail
              (7 damage)
             ... on level 2 of the Dungeon.
             The game lasted 00:03:39 (1374 turns).

monsoonserge the Slasher (Merfolk Monk)             Turns: 1374, Time: 00:03:39

Health: -1/37      AC:  7    Str: 11    XL:     4   Next: 79%
Magic:  4/4        EV: 10    Int:  9    God:
Gold:   139        SH:  0    Dex: 18    Spells: 3/3 levels left

rFire   . . .        a - +0 falchion
rCold   . . .        d - orb {light}
rNeg    . . .        g - +0 scale mail
rPois   .            q - +0 helmet
rElec   .            (no cloak)
rCorr   .            (no gloves)
SInv    .            (no boots)
Will    .....        (no amulet) Stlth
                     (no ring)
HPRegen 0.26/turn    (no ring)
MPRegen 0.09/turn

%: no passive effects
@: confused, ambrosia-drunk, glowing
A: (nimble swimmer 2), mertail
a: no special abilities


You were on level 2 of the Dungeon.
You visited 1 branch of the dungeon, and saw 2 of its levels.

You collected 139 gold pieces.

Inventory:

Hand Weapons
 a - a +0 falchion (weapon)
Missiles
 e - 4 javelins
 k - 5 atropa-tipped darts
Armour
 b - a +0 robe
 d - an orb of light (worn)
 g - a +0 scale mail (worn)
 q - a +0 helmet (worn)
Scrolls
 j - a scroll of identify {unknown}
 m - a scroll of acquirement {unknown}
 n - a scroll of poison {unknown}
 o - a scroll of enchant weapon {unknown}
 p - a scroll of noise {unknown}
Potions
 f - a potion of heal wounds {unknown}
 h - 2 potions of enlightenment {unknown}
 i - a potion of brilliance {unknown}
 l - a potion of invisibility {unknown}


   Skills:
 + Level 4.0 Fighting
 + Level 5.1 Long Blades
 + Level 0.6 Armour
 + Level 4.8 Dodging


You had 3 spell levels left.
You didn't know any spells.
Your spell library contained the following spells:

 Spells                   Type           Power      Damage    Failure   Level
 Lesser Beckoning         Tloc           0%         N/A       98%         2
 Gell's Gravitas          Tloc           0%         N/A       100%        3
 Teleport Other           Tloc           0%         N/A       100%        3


Dungeon Overview and Level Annotations

Branches:
Dungeon (2/15)

Altars:

Shops:
D:1 *

Annotations:
D:2 Terence


Innate Abilities, Weirdness & Mutations

((You are very nimble when in or above water. (Stealth+, EV+, Speed+++)))
Your lower body shifts to a powerful aquatic tail in water.


Message History

You barely miss Terence. Terence hits you with a +2 heavy flail.
You hit Terence.
Terence is lightly wounded.
You hit Terence but do no damage.
Terence is lightly wounded.
Terence barely misses you.
You hit Terence but do no damage.
Terence is lightly wounded.
Terence closely misses you.
You hit Terence but do no damage.
Terence is lightly wounded.
You hit Terence.
Terence is lightly wounded.
Terence hits you with a +2 heavy flail!
You hit Terence.
Terence is moderately wounded.
Terence barely misses you.
You hit Terence.
Terence is heavily wounded.
You hit Terence but do no damage.
Terence is heavily wounded.
Terence hits you with a +2 heavy flail!
You hit Terence but do no damage.
Terence is heavily wounded.
Terence hits you with a +2 heavy flail!
* * * LOW HITPOINT WARNING * * *
You hit Terence.
Terence is heavily wounded.
You are confused.
You feel invigorated. Terence hits you with a +2 heavy flail.
* * * LOW HITPOINT WARNING * * *
You bump into the rock wall.
Terence shouts, "Now you die!" Terence hits you with a +2 heavy flail.
* * * LOW HITPOINT WARNING * * *
You're too confused to move!
You bump into the rock wall.
Terence hits you with a +2 heavy flail.
* * * LOW HITPOINT WARNING * * *
You bump into the rock wall.
Terence hits you with a +2 heavy flail!
You die...

# . #### .# #....
####.####
......####........
......@@......#
.###..####.#### #.
#.############# ..
#.............. #.
####.....##......
+
+..'...........##
####.....#...#.##
#.....#.......
#####+###...##.#


You could see Terence.

Vanquished Creatures
  Jessica (D:2)
  Robin (D:2)
  2 dart slugs
  5 ball pythons
  6 endoplasms
  2 giant cockroaches
  13 goblins
  8 hobgoblins
  5 quokkas
  2 bats
  A frilled lizard (D:2)
  5 kobolds
  2 rats (D:2)
  A spectral hobgoblin (D:1)
54 creatures vanquished.

Notes
Turn   | Place    | Note
-------+----------+-------------------------------------------
     0 | D:1      | monsoonserge the Merfolk Monk began the quest for the Orb.
     0 | D:1      | Reached XP level 1. HP: 18/18 MP: 1/1
   212 | D:1      | Reached XP level 2. HP: 24/24 MP: 2/2
   303 | D:1      | Reached skill level 4 in Long Blades
   325 | D:1      | Found a faded altar of an unknown god.
   355 | D:1      | Reached XP level 3. HP: 30/30 MP: 3/3
   509 | D:1      | Found Zoyck's General Store.
   939 | D:2      | Noticed Jessica
   949 | D:2      | Killed Jessica
   950 | D:2      | Reached XP level 4. HP: 28/37 MP: 4/4
  1123 | D:2      | Reached skill level 5 in Long Blades
  1306 | D:2      | Noticed Robin
  1315 | D:2      | Killed Robin
  1355 | D:2      | Noticed Terence
  1371 | D:2      | HP: 1/37 [Terence/+2 heavy flail (4)]
  1374 | D:2      | Slain by Terence

Illustrated notes

Levels and vault maps discovered:
D:1:      dpeg_cavernosity, layout_rooms,
          dreamdust_ecumenical_altar_drowned_temple, serial_shops,
          nicolae_diamond_shop, hangedman_decor_growths
D:2:      layout_basic, minmay_tiny_reverse_x, uniq_terence, uniq_jessica,
          uniq_robin

Skill      XL: |  1  2  3  4 |
---------------+-------------+-----
Long Blades    | 4 5 |  5.1
Fighting       | 4 |  4.0
Armour         | |  0.6
Dodging        | |  4.8

Action                     |  1- 3 |  4- 6 || total
---------------------------+-------+-------++-------
  Melee: Falchion          |    80 |    56 ||   136
    Use: Potion            |       |     1 ||     1
 Armour: Scale mail        |    45 |    49 ||    94
  Dodge: Dodged            |    35 |    22 ||    57

Table legend: (Time is in decaauts)
 A = Elapsed time spent in this place.
 B = Non-inter-level travel time spent in this place.
 C = Inter-level travel time spent in this place.
 D = Time resting spent in this place.
 E = Time spent auto-exploring this place.
 F = Levels seen in this place.
 G = Mean time per level.
                   A        B        C        D        E       F      G
               +--------+--------+--------+--------+--------+-----+--------+
         Total |   1375 |   1327 |     48 |      0 |    838 |   2 |  687.5 |
       Dungeon |   1375 |   1327 |     48 |      0 |    838 |   2 |  687.5 |
               +--------+--------+--------+--------+--------+-----+--------+

Top non-repeatable levels by time:
     D:1: 771 daAuts
     D:2: 603 daAuts
